 Dungeon Crawl Stone Soup version 0.17-a0-2127-g1cb09f6 (webtiles) character file.

142 sqwarecircle the Covered (level 5, -2/47 HPs)
             Began as a Minotaur Fighter on Oct 22, 2015.
             Succumbed to a gnoll's poison
             ... on level 3 of the Dungeon.
             The game lasted 00:14:45 (2418 turns).

sqwarecircle the Covered (Minotaur Fighter)         Turns: 2418, Time: 00:14:46

Health: -2/47      AC:  8    Str: 26    XL:     5   Next: 4%
Magic:  4/4        EV:  3    Int: 10    God:
Gold:   99         SH: 10    Dex: 10    Spells: 0 memorised, 4 levels left

rFire  . . .     SeeInvis .     a - +0 war axe
rCold  . . .     Clarity  .     b - +0 scale mail
rNeg   . . .     SustAt   .     c - +0 shield
rPois  .         Gourm    .     (helmet restricted)
rElec  .         Spirit   .     (no cloak)
rCorr  .         Warding  .     f - +0 pair of gloves
rMut   .         Stasis   +     (no boots)
MR     .....                    q - amulet of stasis
Stlth  ..........               o - -4 ring of evasion (curse)
                                h - +5 ring of intelligence (curse)

@: mighty, lethally poisoned (-2 -> -28), not resistant to hostile enchantments,
extremely unstealthy
A: retaliatory headbutt, horns 2
a: no special abilities


You were on level 3 of the Dungeon.
You were not hungry.

You visited 1 branch of the dungeon, and saw 3 of its levels.

You collected 99 gold pieces.

Inventory:

Hand Weapons
 a - a +0 war axe (weapon)
Missiles
 g - 152 stones (quivered)
Armour
 b - a +0 scale mail (worn)
 c - a +0 shield (worn)
 f - a +0 pair of gloves (worn)
Jewellery
 h - a cursed +5 ring of intelligence (left hand)
 o - a cursed -4 ring of evasion (right hand)
 q - an amulet of stasis (around neck)
Scrolls
 i - a scroll of remove curse
 l - a scroll of random uselessness {unknown}
 r - a scroll of recharging {unknown}
Potions
 j - a potion of agility
 k - a potion of magic
 m - a potion of curing {unknown}
 n - a potion of degeneration {unknown}
 p - 2 potions of poison
Comestibles
 e - 3 bread rations


   Skills:
 + Level 4.3 Fighting
 + Level 3.8 Axes
 + Level 1.5 Throwing
 + Level 4.8 Armour
 + Level 4.2 Shields


You had 4 spell levels left.
You didn't know any spells.

Dungeon Overview and Level Annotations

Branches:
Dungeon (3/15)

Altars:
Dithmenos
Makhleb


Innate Abilities, Weirdness & Mutations

You reflexively headbutt those who attack you in melee.
You have a pair of horns on your head.


Message History

* * * LOW HITPOINT WARNING * * *
You feel very sick.
The gnoll hits you with a spear of venom.
* * * LOW HITPOINT WARNING * * *
You closely miss the gnoll. Your headbutt misses the gnoll.
The gnoll is moderately wounded.
* * * LOW HITPOINT WARNING * * *
You feel very sick. The gnoll completely misses you.
You completely miss the gnoll.
The gnoll is moderately wounded.
* * * LOW HITPOINT WARNING * * *
You feel sick. You block the gnoll's attack.
The gnoll hits you with a spear of venom.
* * * LOW HITPOINT WARNING * * *
You are more poisoned.
You slash the gnoll!
You kill the gnoll!
You have reached level 5!
You die...

....# ##..#
##### ##.#
## ## ##
#.# #≈. ≈
.### #.# ≈≈
≈ ...# #.#
.≈≈####
.#.# #.#
.#.....
##.# #.#
.....?. #.#
#.##)......
#.#
#..@)......
#.#
####.......
##.#
#......
...# #.....
#### #....
###.


There were no monsters in sight!

Vanquished Creatures
  3 adders
  6 gnolls (D:3)
  2 oozes (D:2)
  A giant gecko (D:2)
  2 orcs (D:3)
  4 bats
  3 giant cockroaches
  6 hobgoblins
  2 jackals (D:3)
  6 kobolds
  A quokka (D:2)
  2 giant newts
  6 goblins
  9 rats
53 creatures vanquished.

Notes
Turn   | Place    | Note
--------------------------------------------------------------
     0 | D:1      | sqwarecircle the Minotaur Fighter began the quest for the Orb.
     0 | D:1      | Reached XP level 1. HP: 19/19 MP: 0/0
   145 | D:1      | Reached XP level 2. HP: 27/27 MP: 1/1
   905 | D:2      | Reached skill level 4 in Armour
  1051 | D:2      | Found a burning altar of Makhleb.
  1118 | D:2      | Reached XP level 3. HP: 33/33 MP: 2/2
  1903 | D:3      | Found a shadowy altar of Dithmenos.
  1930 | D:3      | Reached skill level 1 in Throwing
  1930 | D:3      | Reached XP level 4. HP: 27/40 MP: 3/3
  2417 | D:3      | HP: 1/41 [gnoll/spear of venom (2)]
  2418 | D:3      | Reached XP level 5. HP: 1/47 MP: 4/4
  2418 | D:3      | Succumbed to a gnoll's poison

Vault maps used:
D:1:      mrwooster_arrival_arrow
D:2:      lightli_temple_of_fire
D:3:      lemuel_doored_altar, tso_oasis_becter, grunt_dithmenos_smoke,
          gup_sewer_entry_pipe

Action                   |  1- 3 |  4- 6 || total
-------------------------+-------+-------++-------
Melee: War axe           |    91 |    36 ||   127
Throw: Stone             |     2 |       ||     2
  Use: Scroll            |     6 |       ||     6
       Potion            |       |     1 ||     1
  Eat: Chunk             |     2 |     1 ||     3
       Beef jerky        |     1 |       ||     1
